 Dungeon Crawl Stone Soup version 0.30.0-20-g3615ddf2f0 (webtiles) character file.

Game seed: 1407894908178629287

108190 qw the Severer (level 16, -2/103 HPs)
             Began as a Gargoyle Fighter on June 1, 2023.
             Was an Elder of Okawaru.
             Slain by Mlioglotl (12 damage)
             ... on level 1 of the Snake Pit.
             The game lasted 00:12:50 (23862 turns).

qw the Severer (Gargoyle Fighter)                  Turns: 23862, Time: 00:12:50

Health: -2/103     AC: 40    Str: 28    XL:     16   Next: 48%
Magic:  19/23      EV: 16    Int:  9    God:    Okawaru [****..]
Gold:   69         SH: 21    Dex: 13    Spells: 15/15 levels left

rFire   + . .        z - +1 broad axe of the Walnut {flame, Str+2}
rCold   . . .        k - +2 kite shield {reflect}
rNeg    + + .        B - +1 plate armour {rN+}
rPois   inf          a - +1 helmet
rElec   +            i - +0 cloak
rCorr   .            w - +2 pair of gloves
SInv    +            e - +0 pair of boots
Will    +....        A - amulet of reflection Stlth
                     j - +5 ring of evasion
HPRegen 0.37/turn    s - +4 ring of slaying {mikee}
MPRegen 0.18/turn

%: reflection
@: about to teleport, heroic, finesse-ful, flying
A: sickness immunity, AC +12, big wings, negative energy resistance 1,
electricity resistance, torment resistance 1, petrification resistance, see
invisible, agile 1, fire resistance 1
a: Renounce Religion, Heroism, Finesse


You were on level 1 of the Snake Pit.
You worshipped Okawaru.
Okawaru was greatly pleased with you.
You visited 5 branches of the dungeon, and saw 24 of its levels.

You collected 2061 gold pieces.
You spent 1992 gold pieces at shops.


Innate Abilities, Weirdness & Mutations

You are immune to sickness and miasma.
Your stone body is resilient. (AC +12)
You are immune to poison.
Your large and strong wings let you fly.
You resist negative energy. (rN+)
You are resistant to electric shocks. (rElec)
You are resistant to unholy torment.
You are immune to petrification.
You have supernaturally acute eyesight. (SInv)
You are agile. (Dex +4, Str/Int -1)
Your flesh is heat resistant. (rF+)


   Skills:
 + Level 12.7(17.7) Fighting
 - Level 17.0(22.0) Axes
 - Level 7.0(12.0) Throwing
 - Level 12.0(17.0) Armour
 - Level 4.0(9.0) Dodging
 - Level 13.0(18.0) Shields
 - Level 10.0 Invocations


You had 15 spell levels left.
You didn't know any spells.
Your spell library was empty.

Inventory:

Hand Weapons
 z - the +1 broad axe of the Walnut (weapon) {flame, Str+2}
   (Okawaru gifted it to you on level 11 of the Dungeon)

   Str:       It affects your strength (+2).
Missiles
 r - a boomerang
 x - a silver javelin (quivered)
 C - 2 javelins
Armour
 a - a +1 helmet (worn)
 e - a +0 pair of boots (worn)
 f - a +7 chain mail of ponderousness
 i - a +0 cloak (worn)
 k - a +2 kite shield of reflection (worn)
 w - a +2 pair of gloves (worn)
 y - a +3 chain mail of fire resistance
 B - a +1 plate armour of positive energy (worn)
Jewellery
 b - a ring of resist corrosion
 j - a +5 ring of evasion (left hand)
 s - a +4 ring of slaying (right hand) {mikee}
 v - the ring "Pouris" {Fire Int-5 Dex+7}
   (You found it on level 5 of the Lair of Beasts)

   [ring of fire]

   It enhances your fire magic.
   Int:       It affects your intelligence (-5).
   Dex:       It affects your dexterity (+7).
   rF:        It protects you from fire.
   rC:        It makes you vulnerable to cold.
 A - an amulet of reflection (around neck)
Wands
 q - a wand of digging (7)
Scrolls
 c - 5 scrolls of teleportation
 m - a scroll of enchant weapon
 p - 7 scrolls of identify
Potions
 d - 6 potions of might
 g - 16 potions of curing
 h - a potion of magic
 l - 7 potions of attraction
 n - 2 potions of mutation
 o - 6 potions of haste

Dungeon Overview and Level Annotations

Branches:
Dungeon (15/15)            Temple (1/1) D:4            Lair (5/5) D:10
  Swamp (0/4) Lair:3        Snake (1/4) Lair:3        Slime (0/5) Lair:4
    Orc (2/2) D:11            Elf (0/3) Orc:2        Vaults (0/5) D:14
 Depths (0/4) D:15

Altars:
Ashenzari
Cheibriados
Dithmenos
Elyvilon
Fedhas
Gozag
Hepliaklqana
Kikubaaqudgha
Makhleb
Nemelex Xobeh
Okawaru
Qazlal
Ru
Sif Muna
Trog
Uskayaw
Vehumet
Wu Jian
Xom
Yredelemnul
Zin
The Shining One
Jiyva

Shops:
D:4 =   D:5 ?   D:10 !   D:12 :   Orc:2 [![(

Portals:
Trove: D:15 (give 8 scrolls of fog)

Annotations:
Lair:5 1 runed translucent door
Snake:1 Mlioglotl


Message History

Mlioglotl churns violently!
Mlioglotl seems to grow stronger.
The naga mage mumbles some strange words.
The naga mage seems to speed up.
You block the smoke demon's attack. x3
You block the ynoxinul's attack.
The ynoxinul hits you but does no damage.
You slash the ynoxinul! You burn the ynoxinul.
You kill the ynoxinul!
The ynoxinul disappears in a puff of smoke!
The ufetubus disappears in a puff of smoke!
You hit Mlioglotl but do no damage. You hit the ynoxinul.
You burn the ynoxinul. You slash the smoke demon!
You block Mlioglotl's attack. x2
You hit the ynoxinul. You burn the ynoxinul.
You kill the ynoxinul!
The ynoxinul disappears in a puff of smoke!
You hit the smoke demon. You hit Mlioglotl. You burn Mlioglotl.
The naga sharpshooter no longer looks unusually strong.
You block the smoke demon's attack.
The smoke demon hits you but does no damage.
You block the smoke demon's attack.
You barely miss Mlioglotl.
Mlioglotl is moderately wounded.
You slash the ufetubus! You burn the ufetubus.
You kill the ufetubus!
The ufetubus disappears in a puff of smoke!
You hit the smoke demon but do no damage.
Mlioglotl misses you. You block Mlioglotl's attack.
The naga warrior roars a battlecry!
The naga sharpshooter goes into a battle-frenzy!
You hit Mlioglotl but do no damage.
Mlioglotl is moderately wounded.
You closely miss the smoke demon. The smoke demon gestures at you.
Something smites you!
You slice Mlioglotl!! You burn Mlioglotl.
Mlioglotl is heavily wounded.
You hit the smoke demon. You block Mlioglotl's attack. Mlioglotl tramples you!
You die...

#[........#
.....>...# .....#....
## ..=....#.#.# ...#
X.......##.# .
.....##........#.# N.
....#...XN...#... ..#
.......@¤N...... ...#
....#.#.3......#..#..
.........N.........>.
.?....N¤.....<#
.....#...[N...#
............))#.#
....#......).)..#
.............%..#
...##..........


You could see Mlioglotl (strong), a naga warrior (strong), a naga sharpshooter
(strong), a naga ritualist (strong), a large abomination (summoned), a naga mage
(fast, strong), a smoke demon (summoned) and a naga (strong).

Vanquished Creatures
  An ironbound preserver (D:14)
  2 very ugly things
  An entropy weaver (shapeshifter) (D:15)
  A yaktaur captain (D:15)
  2 rakshasas
  A great orb of eyes (D:15)
  5 hydras
  2 ogre magi (Orc:2)
  4 centaur warriors
  An anaconda (Snake:1)
  A boulder beetle (D:15)
  2 naga warriors (Snake:1)
  13 two-headed ogres
  8 death yaks
  Urug (Lair:2)
  4 tengu warriors
  A deep elf knight (D:15)
  4 skysharks
  3 skeletal warriors (D:13)
  2 deep trolls (Orc:2)
  2 lindwurms
  3 wizards
  5 deep elf pyromancers
  2 orc knights
  18 ugly things
  A wolf spider (Lair:5)
  An orc sorcerer (Orc:1)
  7 cyclopes
  3 manticores
  A guardian serpent (Lair:5)
  16 elephants
  5 torpor snails (Lair:5)
  16 black mambas
  6 orange demons (D:10)
  12 cane toads
  A gargoyle (D:11)
  A rime drake (Lair:1)
  A freezing wraith (D:13)
  10 komodo dragons
  2 efreet
  3 red devils (D:10)
  2 tengu conjurers (D:14)
  3 meliai (D:14)
  A troll (shapeshifter) (D:13)
  4 tyrant leeches (Lair:5)
  12 trolls
  26 blink frogs
  7 hornets (Lair:5)
  6 polar bears
  6 slime creatures
  2 shadows
  A vampire (D:10)
  A steam dragon (D:7)
  16 wyverns
  32 yaks
  A wraith (D:11)
  3 basilisks
  4 redbacks (Lair:5)
  6 vampire mosquitoes
  4 wargs
  6 nagas
  23 water moccasins
  A black bear (shapeshifter) (D:15)
  2 black bears
  15 orc warriors
  An ice beast (D:7)
  18 ogres
  12 wolves
  9 centaurs
  3 phantoms
  Blork the orc (D:5)
  10 bullfrogs
  2 gnoll sergeants
  3 scorpions
  A water moccasin zombie (D:5)
  4 wights (D:5)
  4 howler monkeys
  A bullfrog zombie (D:5)
  A jelly (D:5)
  18 orc priests
  A gnoll bouda (D:7)
  5 hounds (D:5)
  A human zombie (D:5)
  7 iguanas
  A sleepcap (D:6)
  Natasha (twice) (D:3)
  17 orc wizards
  A hell rat (D:10)
  A killer bee zombie (D:5)
  2 hound zombies (D:5)
  3 mummies
  Robin (D:3)
  4 adders
  24 gnolls
  3 river rats (D:10)
  A shadow imp (D:7)
  2 white imps
  3 ufetubi
  5 worms
  A dart slug (D:4)
  67 orcs
  9 ball pythons
  5 bats
  4 endoplasms
  3 giant cockroaches
  9 hobgoblins
  A jackal (D:2)
  4 kobolds
  7 quokkas
  4 frilled lizards
  7 goblins
  7 rats
  A butterfly (Lair:4)
660 creatures vanquished.

Notes
Turn   | Place    | Note
-------+----------+-------------------------------------------
     0 | D:1      | qw the Gargoyle Fighter began the quest for the Orb.
     0 | D:1      | Reached XP level 1. HP: 14/14 MP: 1/1
     0 | D:1      | 0 ||| qw: Version: 0.2-a-102-gfc559e5
     0 | D:1      | 0 ||| qw: Game counter: 624
     0 | D:1      | 0 ||| qw: Always use a shield: true
     0 | D:1      | 0 ||| qw: God list: Okawaru
     0 | D:1      | 0 ||| qw: Allow faded altars: false
     0 | D:1      | 0 ||| qw: Do Orc after D:15 true
     0 | D:1      | 0 ||| qw: Do second Lair branch before Depths: true
     0 | D:1      | 0 ||| qw: Lair rune preference: random
     0 | D:1      | 0 ||| qw: Plans: Normal, Zot:1-4, Slime:5, God:TSO, Crypt,
                  | Tomb, Pan, Hells, Abyss, Win
     0 | D:1      | 0 ||| PLANNING D:1-11
   119 | D:1      | Reached skill level 2 in Axes
   240 | D:1      | Reached XP level 2. HP: 19/19 MP: 2/2
   283 | D:1      | 283 ||| Stepping ~*~*~tactically~*~*~ (hiding).
   729 | D:1      | 729 ||| Stepping ~*~*~tactically~*~*~ (hiding).
   822 | D:1      | Reached skill level 3 in Axes
   890 | D:1      | 890 ||| UPGRADING to +0 pair of boots.
   895 | D:1      | 895 ||| UPGRADING to +0 chain mail.
   905 | D:1      | 905 ||| DROPPING +0 scale mail.
   906 | D:1      | 906 ||| UPGRADING to +0 pair of gloves.
   911 | D:1      | 911 ||| UPGRADING to +5 ring of evasion.
   912 | D:1      | 912 ||| READING scroll labelled QUFAOP RUAR.
   913 | D:1      | 913 ||| READING scroll labelled LOEGEROFUO.
   914 | D:1      | 914 ||| DRINKING 2 fizzy grey potions.
   933 | D:2      | Reached XP level 3. HP: 23/23 MP: 3/3
   976 | D:2      | Found a faded altar of an unknown god.
  1015 | D:2      | Found a shimmering altar of Xom.
  1094 | D:2      | 1094 ||| Stepping ~*~*~tactically~*~*~ (stealth).
  1100 | D:2      | 1100 ||| Stepping ~*~*~tactically~*~*~ (stealth).
  1102 | D:2      | 1102 ||| Stepping ~*~*~tactically~*~*~ (stealth).
  1474 | D:2      | 1474 ||| UPGRADING to +0 cloak.
  1479 | D:2      | 1479 ||| READING scroll labelled ITESE USUSIH.
  1480 | D:2      | 1480 ||| DRINKING 2 sapphire potions.
  1481 | D:2      | 1481 ||| DROPPING potion of flight.
  1527 | D:3      | Noticed Robin
  1528 | D:3      | 1528 ||| Stepping ~*~*~tactically~*~*~ (stealth).
  1529 | D:3      | 1529 ||| Stepping ~*~*~tactically~*~*~ (stealth).
  1545 | D:3      | Killed Robin
  1546 | D:3      | Reached XP level 4. HP: 25/28 MP: 4/4
  1556 | D:3      | 1556 ||| Stepping ~*~*~tactically~*~*~ (stealth).
  1557 | D:3      | 1557 ||| Stepping ~*~*~tactically~*~*~ (stealth).
  1609 | D:3      | Reached skill level 4 in Axes
  1775 | D:3      | Found a glowing golden altar of the Shining One.
  1865 | D:3      | Noticed Natasha
  1866 | D:3      | 1866 ||| Stepping ~*~*~tactically~*~*~ (hiding).
  1867 | D:3      | 1867 ||| Stepping ~*~*~tactically~*~*~ (hiding).
  1874 | D:3      | Killed Natasha
  1875 | D:3      | Reached XP level 5. HP: 20/32 MP: 5/5
  1933 | D:3      | 1933 ||| Stepping ~*~*~tactically~*~*~ (stealth).
  2038 | D:3      | 2038 ||| DROPPING +0 whip.
  2250 | D:3      | 2250 ||| UPGRADING to +0 helmet.
  2255 | D:3      | 2255 ||| READING scroll labelled ZISITIOROI.
  2256 | D:3      | 2256 ||| READING scroll labelled JAASIR ZOOSOSE.
  2257 | D:3      | 2257 ||| DRINKING 2 orange potions.
  2257 | D:3      | Gained mutation: You are strong-willed. (Will+) [potion of
                  | mutation]
  2257 | D:3      | Gained mutation: You occasionally lose the ability to read
                  | scrolls when taking damage. [potion of mutation]
  2257 | D:3      | Gained mutation: Your spells are a little easier to cast,
                  | but a little less powerful. [potion of mutation]
  2258 | D:3      | 2258 ||| DRINKING potion of mutation.
  2258 | D:3      | Lost mutation: You are strong-willed. (Will+) [potion of
                  | mutation]
  2258 | D:3      | Lost mutation: Your spells are a little easier to cast, but
                  | a little less powerful. [potion of mutation]
  2258 | D:3      | Lost mutation: You occasionally lose the ability to read
                  | scrolls when taking damage. [potion of mutation]
  2258 | D:3      | Gained mutation: You have hidden genetic potential. [potion
                  | of mutation]
  2258 | D:3      | Gained mutation: Your flesh is heat resistant. (rF+)
                  | [potion of mutation]
  2272 | D:3      | Noticed Natasha
  2278 | D:3      | Killed Natasha
  2412 | D:4      | Reached skill level 5 in Axes
  2448 | D:4      | 2448 ||| Stepping ~*~*~tactically~*~*~ (hiding).
  2592 | D:4      | 2592 ||| READING scroll of enchant weapon.
  2592 | D:4      | 2592 ||| ENCHANTING +1 war axe.
  2610 | D:4      | 2610 ||| Stepping ~*~*~tactically~*~*~ (stealth).
  2646 | D:4      | 2646 ||| DROPPING +1 whip of flaming.
  2658 | D:4      | Found a sacrificial altar of Ru.
  2691 | D:4      | Found a staircase to the Ecumenical Temple.
  2692 | D:4      | 2692 ||| PLANNING TEMPLE
  2692 | D:4      | 2692 ||| READING scroll labelled DIAMIU REASAW.
  2716 | D:4      | 2716 ||| DRINKING 3 golden potions.
  2723 | Temple   | Entered the Ecumenical Temple
  2724 | Temple   | 2724 ||| PLANNING OKAWARU WORSHIP
  2903 | Temple   | Became a worshipper of Warmaster Okawaru
  2903 | Temple   | 2903 ||| PLANNING D:1-11
  2927 | D:4      | 2927 ||| Stepping ~*~*~tactically~*~*~ (stealth).
  2929 | D:4      | 2929 ||| Stepping ~*~*~tactically~*~*~ (stealth).
  2935 | D:4      | 2935 ||| Stepping ~*~*~tactically~*~*~ (stealth).
  2937 | D:4      | 2937 ||| Stepping ~*~*~tactically~*~*~ (stealth).
  2944 | D:4      | Reached XP level 6. HP: 34/38 MP: 6/6
  3113 | D:4      | Gained mutation: You have supernaturally acute eyesight.
                  | (SInv) [hidden potential]
  3464 | D:4      | Found Wuewec's Jewellery Shoppe.
  3470 | D:4      | 3470 ||| SHOPLISTING +4 ring of slaying (1092 gold, have
                  | 260).
  3470 | D:4      | 3470 ||| SHOPLISTING +5 ring of evasion (504 gold, have
                  | 260).
  3470 | D:4      | 3470 ||| SHOPLISTING +6 ring of dexterity (504 gold, have
                  | 260).
  3470 | D:4      | 3470 ||| SHOPLISTING +6 ring of strength (504 gold, have
                  | 260).
  3470 | D:4      | 3470 ||| SHOPLISTING amulet of reflection (420 gold, have
                  | 260).
  3470 | D:4      | 3470 ||| SHOPLISTING ring "Neahoquth" {rElec AC+4 Str-5
                  | SInv} (611 gold, have 260).
  3554 | D:5      | Entered Level 5 of the Dungeon
  3554 | D:5      | Noticed Blork the orc
  3560 | D:5      | Killed Blork the orc
  3561 | D:5      | Reached skill level 6 in Axes
  3563 | D:5      | Reached * piety under Okawaru
  3564 | D:5      | Reached skill level 1 in Dodging
  3564 | D:5      | Reached XP level 7. HP: 43/43 MP: 7/7
  3581 | D:5      | Gained mutation: You are agile. (Dex +4, Str/Int -1)
                  | [hidden potential]
  3581 | D:5      | Lost mutation: You have hidden genetic potential. [hidden
                  | potential expressed]
  3591 | D:5      | Reached skill level 1 in Invocations
  3736 | D:5      | Reached skill level 3 in Invocations
  3763 | D:5      | Reached XP level 8. HP: 48/48 MP: 10/10
  3778 | D:5      | Found a basalt altar of Yredelemnul.
  3793 | D:5      | Reached ** piety under Okawaru
  3959 | D:5      | Reached skill level 7 in Axes
  3992 | D:5      | 3992 ||| Stepping ~*~*~tactically~*~*~ (stealth).
  4000 | D:5      | 4000 ||| INVOKING Heroism.
  4018 | D:5      | 4018 ||| Stepping ~*~*~tactically~*~*~ (stealth).
  4052 | D:5      | 4052 ||| INVOKING Heroism.
  4089 | D:5      | 4089 ||| INVOKING Heroism.
  4195 | D:5      | Found a white marble altar of Elyvilon.
  4199 | D:5      | Found Gopruul's Magic Scroll Emporium.
  4352 | D:5      | Found a shadowy altar of Dithmenos.
  4570 | D:5      | 4570 ||| READING scroll labelled BANUZA SELLUAF.
  4631 | D:6      | Reached skill level 8 in Axes
  4690 | D:6      | 4690 ||| FLEEEEING.
  4745 | D:6      | Reached skill level 6 in Fighting
  4812 | D:6      | Reached XP level 9. HP: 53/55 MP: 12/12
  4827 | D:6      | 4827 ||| UPGRADING to +4 ring of slaying {mikee}.
  4875 | D:5      | 4875 ||| BUYING 2 scrolls of identify (44 gold).
  4875 | D:5      | Bought 2 scrolls of identify for 44 gold pieces
  4875 | D:5      | 4875 ||| SHOPLISTING scroll of acquirement (572 gold, have
                  | 320).
  4875 | D:5      | 4875 ||| BUYING scroll of enchant weapon (82 gold).
  4875 | D:5      | Bought a scroll of enchant weapon for 82 gold pieces
  4875 | D:5      | 4875 ||| BUYING scroll of enchant weapon (82 gold).
  4875 | D:5      | Bought a scroll of enchant weapon for 82 gold pieces
  4875 | D:5      | 4875 ||| BUYING scroll of identify (22 gold).
  4875 | D:5      | Bought a scroll of identify for 22 gold pieces
  4875 | D:5      | 4875 ||| READING 2 scrolls of enchant weapon.
  4875 | D:5      | 4875 ||| ENCHANTING +2 war axe.
  4876 | D:5      | 4876 ||| READING scroll of enchant weapon.
  4876 | D:5      | 4876 ||| ENCHANTING +3 war axe.
  4877 | D:5      | 4877 ||| READING 4 scrolls of identify.
  4877 | D:5      | 4877 ||| IDENTIFYING black potion
  4878 | D:5      | 4878 ||| READING 3 scrolls of identify.
  4878 | D:5      | 4878 ||| IDENTIFYING glowing grey potion
  4879 | D:5      | 4879 ||| READING 2 scrolls of identify.
  4879 | D:5      | 4879 ||| IDENTIFYING grey potion
  4880 | D:5      | 4880 ||| DROPPING potion of degeneration.
  4881 | D:5      | 4881 ||| DROPPING potion of ambrosia.
  5204 | D:6      | 5204 ||| INVOKING Heroism.
  5348 | D:6      | 5348 ||| Stepping ~*~*~tactically~*~*~ (stealth).
  5362 | D:6      | Reached skill level 9 in Axes
  5430 | D:6      | Reached *** piety under Okawaru
  5444 | D:6      | 5444 ||| INVOKING Heroism.
  5644 | D:6      | Found a sparkling altar of Nemelex Xobeh.
  5728 | D:6      | 5728 ||| UPGRADING to amulet of the acrobat.
  5733 | D:6      | 5733 ||| READING 2 scrolls of identify.
  5733 | D:6      | 5733 ||| IDENTIFYING brown potion
  5827 | D:7      | 5827 ||| Stepping ~*~*~tactically~*~*~ (hiding).
  5829 | D:7      | 5829 ||| Stepping ~*~*~tactically~*~*~ (hiding).
  5831 | D:7      | 5831 ||| INVOKING Heroism.
  5835 | D:7      | 5835 ||| Stepping ~*~*~tactically~*~*~ (stealth).
  5838 | D:7      | 5838 ||| Stepping ~*~*~tactically~*~*~ (stealth).
  5842 | D:7      | 5842 ||| FLEEEEING.
  5843 | D:7      | 5843 ||| FLEEEEING.
  5844 | D:7      | 5844 ||| Stepping ~*~*~tactically~*~*~ (hiding).
  5845 | D:7      | 5845 ||| FLEEEEING.
  5846 | D:7      | 5846 ||| STAIRDANCE
  5878 | D:7      | 5878 ||| STAIRDANCE
  5897 | D:7      | 5897 ||| INVOKING Heroism.
  5973 | D:7      | 5973 ||| Stepping ~*~*~tactically~*~*~ (stealth).
  5975 | D:7      | 5975 ||| INVOKING Heroism.
  6037 | D:7      | 6037 ||| Stepping ~*~*~tactically~*~*~ (stealth).
  6051 | D:7      | 6051 ||| Stepping ~*~*~tactically~*~*~ (stealth).
  6062 | D:7      | Reached skill level 6 in Armour
  6247 | D:7      | 6247 ||| INVOKING Heroism.
  6250 | D:7      | 6250 ||| Stepping ~*~*~tactically~*~*~ (hiding).
  6261 | D:7      | Reached XP level 10. HP: 59/63 MP: 11/13
  6317 | D:7      | 6317 ||| Stepping ~*~*~tactically~*~*~ (stealth).
  6318 | D:7      | 6318 ||| Stepping ~*~*~tactically~*~*~ (stealth).
  6379 | D:7      | 6379 ||| Stepping ~*~*~tactically~*~*~ (hiding).
  6406 | D:7      | 6406 ||| UPGRADING to +0 kite shield.
  6416 | D:7      | 6416 ||| DROPPING +0 buckler.
  6417 | D:7      | 6417 ||| READING scroll labelled YPEZOFR OR KIU.
  6418 | D:7      | 6418 ||| READING scroll labelled XIZOMOUKHLA.
  6422 | D:7      | 6422 ||| READING 2 scrolls of identify.
  6422 | D:7      | 6422 ||| IDENTIFYING fizzy inky potion
  6687 | D:7      | 6687 ||| Stepping ~*~*~tactically~*~*~ (stealth).
  6740 | D:7      | Found a snail-covered altar of Cheibriados.
  7117 | D:8      | 7117 ||| Stepping ~*~*~tactically~*~*~ (stealth).
  7262 | D:8      | Found a radiant altar of Vehumet.
  7266 | D:8      | Found a hazy altar of Hepliaklqana.
  7274 | D:8      | Found a blossoming altar of Fedhas.
  7301 | D:8      | Found an ornate altar of the Wu Jian Council.
  7688 | D:8      | 7688 ||| READING 2 scrolls of identify.
  7688 | D:8      | 7688 ||| IDENTIFYING fizzy brown potion
  7689 | D:8      | 7689 ||| DROPPING potion of berserk rage.
  7800 | D:9      | Reached skill level 6 in Shields
  7800 | D:9      | 7800 ||| INVOKING Heroism.
  7806 | D:9      | Reached **** piety under Okawaru
  8585 | D:9      | 8585 ||| DROPPING +4 ring of protection.
  8586 | D:9      | 8586 ||| READING scroll labelled RIGGU VIUMUADY.
  8632 | D:10     | Entered Level 10 of the Dungeon
  8664 | D:10     | Noticed a death yak
  8665 | D:10     | 8665 ||| INVOKING Heroism.
  8665 | D:10     | Noticed a death yak
  8667 | D:10     | Noticed a death yak
  8676 | D:10     | HP: 12/63 [death yak (12)]
  8677 | D:10     | 8677 ||| READING scroll of teleportation.
  8677 | D:10     | HP: 4/63 [death yak (8)]
  8678 | D:10     | 8678 ||| DRINKING potion of heal wounds.
  8914 | D:10     | You fall into a shaft and drop 2 floors!
  9024 | D:12     | Found Fustryat's Tiny Tomes.
  9048 | D:12     | 9048 ||| INVOKING Heroism.
  9146 | D:12     | Noticed a purple ugly thing
  9162 | D:12     | Killed a purple ugly thing
  9215 | D:11     | Noticed a tengu warrior
  9227 | D:11     | Reached skill level 6 in Invocations
  9232 | D:11     | 9232 ||| INVOKING Heroism.
  9234 | D:11     | Killed a tengu warrior
  9235 | D:11     | Reached XP level 11. HP: 46/67 MP: 12/16
  9253 | D:11     | 9253 ||| Stepping ~*~*~tactically~*~*~ (stealth).
  9320 | D:11     | Noticed a two-headed ogre
  9321 | D:11     | 9321 ||| INVOKING Heroism.
  9335 | D:11     | Killed a two-headed ogre
  9336 | D:11     | Reached skill level 9 in Shields
  9439 | D:10     | Reached skill level 10 in Axes
  9442 | D:10     | Reached ***** piety under Okawaru
  9484 | D:10     | 9484 ||| DROPPING +0 flail of venom.
  9552 | D:10     | Found Zeuph's Distillery.
  9557 | D:10     | 9557 ||| BUYING 2 potions of curing (78 gold).
  9557 | D:10     | Bought 2 potions of curing for 78 gold pieces
  9557 | D:10     | 9557 ||| BUYING potion of attraction (39 gold).
  9557 | D:10     | Bought a potion of attraction for 39 gold pieces
  9557 | D:10     | 9557 ||| BUYING potion of curing (39 gold).
  9557 | D:10     | Bought a potion of curing for 39 gold pieces
  9557 | D:10     | 9557 ||| BUYING potion of curing (39 gold).
  9557 | D:10     | Bought a potion of curing for 39 gold pieces
  9557 | D:10     | 9557 ||| BUYING potion of heal wounds (65 gold).
  9557 | D:10     | Bought a potion of heal wounds for 65 gold pieces
  9557 | D:10     | 9557 ||| SHOPLISTING potion of resistance (130 gold, have
                  | 74).
  9601 | D:10     | 9601 ||| INVOKING Heroism.
  9605 | D:10     | 9605 ||| Stepping ~*~*~tactically~*~*~ (stealth).
  9621 | D:10     | Killed a death yak
  9625 | D:10     | Killed a death yak
  9626 | D:10     | 9626 ||| INVOKING Finesse.
  9627 | D:10     | 9627 ||| DRINKING 9 potions of curing.
  9627 | D:10     | 9627 ||| (to cure confusion)
  9632 | D:10     | Killed a death yak
  9713 | D:10     | Found a staircase to the Lair.
  9745 | D:10     | 9745 ||| Stepping ~*~*~tactically~*~*~ (stealth).
  9839 | D:10     | 9839 ||| Stepping ~*~*~tactically~*~*~ (stealth).
  9840 | D:10     | 9840 ||| Stepping ~*~*~tactically~*~*~ (stealth).
  9854 | D:10     | Noticed a two-headed ogre
  9855 | D:10     | 9855 ||| INVOKING Heroism.
  9860 | D:10     | Killed a two-headed ogre
  9861 | D:10     | Reached skill level 9 in Invocations
 10112 | D:10     | 10112 ||| INVOKING Heroism.
 10128 | D:10     | 10128 ||| INVOKING Finesse.
 10166 | D:10     | 10166 ||| INVOKING Heroism.
 10294 | D:10     | 10294 ||| INVOKING Heroism.
 10311 | D:10     | Reached skill level 11 in Axes
 10311 | D:10     | Reached XP level 12. HP: 42/74 MP: 19/19
 10631 | D:10     | 10631 ||| PLANNING LAIR
 10631 | D:10     | 10631 ||| DROPPING +0 ring mail of fire resistance.
 10632 | D:10     | 10632 ||| UPGRADING to +0 plate armour.
 10642 | D:10     | 10642 ||| DROPPING +0 chain mail.
 10666 | Lair:1   | Entered Level 1 of the Lair of Beasts
 10738 | Lair:1   | 10738 ||| Stepping ~*~*~tactically~*~*~ (hiding).
 10771 | Lair:1   | 10771 ||| Stepping ~*~*~tactically~*~*~ (stealth).
 10790 | Lair:1   | 10790 ||| INVOKING Heroism.
 11082 | Lair:1   | Noticed a skyshark
 11088 | Lair:1   | Noticed a death yak
 11089 | Lair:1   | 11089 ||| INVOKING Heroism.
 11093 | Lair:1   | Killed a skyshark
 11095 | Lair:1   | 11095 ||| INVOKING Finesse.
 11106 | Lair:1   | Killed a death yak
 11176 | Lair:1   | Reached skill level 1 in Throwing
 11192 | Lair:1   | 11192 ||| Stepping ~*~*~tactically~*~*~ (stealth).
 11194 | Lair:1   | 11194 ||| Stepping ~*~*~tactically~*~*~ (stealth).
 11197 | Lair:1   | 11197 ||| Stepping ~*~*~tactically~*~*~ (stealth).
 11256 | Lair:1   | 11256 ||| INVOKING Heroism.
 11265 | Lair:1   | Reached skill level 9 in Fighting
 11535 | Lair:1   | 11535 ||| INVOKING Heroism.
 11542 | Lair:1   | Reached skill level 9 in Armour
 11694 | Lair:2   | 11694 ||| INVOKING Heroism.
 11883 | Lair:2   | Noticed a four-headed hydra
 11884 | Lair:2   | 11884 ||| INVOKING Heroism.
 11885 | Lair:2   | 11885 ||| INVOKING Finesse.
 11890 | Lair:2   | 11890 ||| SWAPPING to +0 morningstar.
 11892 | Lair:2   | Killed a four-headed hydra
 11893 | Lair:2   | 11893 ||| SWAPPING to +4 war axe.
 11944 | Lair:2   | 11944 ||| Stepping ~*~*~tactically~*~*~ (stealth).
 11959 | Lair:2   | 11959 ||| Stepping ~*~*~tactically~*~*~ (stealth).
 11984 | Lair:2   | 11984 ||| INVOKING Heroism.
 11986 | Lair:2   | Reached skill level 12 in Axes
 11998 | Lair:2   | Reached XP level 13. HP: 56/80 MP: 18/20
 12165 | Lair:2   | 12165 ||| INVOKING Heroism.
 12225 | Lair:2   | 12225 ||| Stepping ~*~*~tactically~*~*~ (stealth).
 12226 | Lair:2   | 12226 ||| Stepping ~*~*~tactically~*~*~ (stealth).
 12274 | Lair:2   | Noticed Urug
 12275 | Lair:2   | 12275 ||| INVOKING Heroism.
 12276 | Lair:2   | 12276 ||| Stepping ~*~*~tactically~*~*~ (hiding).
 12277 | Lair:2   | 12277 ||| Stepping ~*~*~tactically~*~*~ (hiding).
 12281 | Lair:2   | 12281 ||| INVOKING Finesse.
 12292 | Lair:2   | Killed Urug
 12371 | Lair:2   | 12371 ||| DROPPING +0 morningstar.
 12779 | Lair:2   | 12779 ||| DROPPING +6 ring of dexterity.
 12780 | Lair:2   | 12780 ||| READING scroll labelled HUINUT MUBBOHO.
 12827 | Lair:3   | 12827 ||| INVOKING Heroism.
 12857 | Lair:3   | 12857 ||| Stepping ~*~*~tactically~*~*~ (stealth).
 12871 | Lair:3   | Reached skill level 3 in Throwing
 12897 | Lair:3   | 12897 ||| Stepping ~*~*~tactically~*~*~ (stealth).
 12899 | Lair:3   | 12899 ||| INVOKING Heroism.
 12914 | Lair:3   | Received a gift from Okawaru
 12969 | Lair:3   | 12969 ||| Stepping ~*~*~tactically~*~*~ (stealth).
 13243 | Lair:3   | 13243 ||| Stepping ~*~*~tactically~*~*~ (hiding).
 13244 | Lair:3   | 13244 ||| Stepping ~*~*~tactically~*~*~ (hiding).
 13245 | Lair:3   | 13245 ||| Stepping ~*~*~tactically~*~*~ (hiding).
 13403 | Lair:3   | Found a staircase to the Swamp.
 13505 | Lair:3   | 13505 ||| Stepping ~*~*~tactically~*~*~ (hiding).
 13506 | Lair:3   | 13506 ||| Stepping ~*~*~tactically~*~*~ (hiding).
 13522 | Lair:3   | 13522 ||| Stepping ~*~*~tactically~*~*~ (hiding).
 13532 | Lair:3   | 13532 ||| Stepping ~*~*~tactically~*~*~ (hiding).
 13533 | Lair:3   | 13533 ||| Stepping ~*~*~tactically~*~*~ (hiding).
 13578 | Lair:3   | Found a staircase to the Snake Pit.
 13666 | Lair:3   | 13666 ||| Stepping ~*~*~tactically~*~*~ (stealth).
 13668 | Lair:3   | 13668 ||| INVOKING Heroism.
 13678 | Lair:3   | 13678 ||| Stepping ~*~*~tactically~*~*~ (stealth).
 13681 | Lair:3   | 13681 ||| INVOKING Heroism.
 13789 | Lair:3   | 13789 ||| READING scroll labelled JAERYU QEBREAL.
 13790 | Lair:3   | 13790 ||| READING 5 scrolls of identify.
 13790 | Lair:3   | 13790 ||| IDENTIFYING lumpy green potion
 13791 | Lair:3   | 13791 ||| DROPPING potion of invisibility.
 13834 | Lair:4   | 13834 ||| INVOKING Heroism.
 13859 | Lair:4   | 13859 ||| Stepping ~*~*~tactically~*~*~ (stealth).
 13901 | Lair:4   | Found a viscous altar of Jiyva.
 13902 | Lair:4   | 13902 ||| INVOKING Heroism.
 13911 | Lair:4   | Found a staircase to the Slime Pits.
 14075 | Lair:4   | 14075 ||| INVOKING Heroism.
 14421 | Lair:4   | 14421 ||| Stepping ~*~*~tactically~*~*~ (hiding).
 14422 | Lair:4   | 14422 ||| Stepping ~*~*~tactically~*~*~ (hiding).
 14699 | Lair:5   | Entered Level 5 of the Lair of Beasts
 14700 | Lair:5   | 14700 ||| INVOKING Heroism.
 14701 | Lair:5   | 14701 ||| Stepping ~*~*~tactically~*~*~ (stealth).
 14711 | Lair:5   | Received a gift from Okawaru
 14766 | Lair:5   | 14766 ||| Stepping ~*~*~tactically~*~*~ (stealth).
 14778 | Lair:5   | Reached skill level 13 in Axes
 14788 | Lair:5   | 14788 ||| INVOKING Heroism.
 14946 | Lair:5   | 14946 ||| Stepping ~*~*~tactically~*~*~ (stealth).
 14960 | Lair:5   | 14960 ||| INVOKING Heroism.
 14962 | Lair:5   | Reached skill level 3 in Dodging
 14973 | Lair:5   | 14973 ||| Stepping ~*~*~tactically~*~*~ (stealth).
 14980 | Lair:5   | 14980 ||| Stepping ~*~*~tactically~*~*~ (stealth).
 15025 | Lair:5   | 15025 ||| FLEEEEING.
 15026 | Lair:5   | 15026 ||| FLEEEEING.
 15027 | Lair:5   | 15027 ||| FLEEEEING.
 15033 | Lair:5   | 15033 ||| INVOKING Heroism.
 15099 | Lair:5   | 15099 ||| INVOKING Heroism.
 15100 | Lair:5   | 15100 ||| Stepping ~*~*~tactically~*~*~ (stealth).
 15124 | Lair:5   | Gained mutation: Your large and strong wings let you fly.
                  | [Gargoyle growth]
 15124 | Lair:5   | Reached XP level 14. HP: 88/88 MP: 21/21
 15158 | Lair:5   | 15158 ||| INVOKING Heroism.
 15180 | Lair:5   | Reached skill level 14 in Axes
 15180 | Lair:5   | HP: 21/88 [cane toad (5)]
 15181 | Lair:5   | 15181 ||| READING 4 scrolls of teleportation.
 15181 | Lair:5   | HP: 7/88 [cane toad (14)]
 15182 | Lair:5   | 15182 ||| DRINKING potion of heal wounds.
 15200 | Lair:5   | 15200 ||| INVOKING Heroism.
 15213 | Lair:5   | 15213 ||| INVOKING Finesse.
 15220 | Lair:5   | 15220 ||| Stepping ~*~*~tactically~*~*~ (stealth).
 15224 | Lair:5   | 15224 ||| Stepping ~*~*~tactically~*~*~ (stealth).
 15267 | Lair:5   | 15267 ||| INVOKING Heroism.
 15366 | Lair:5   | 15366 ||| INVOKING Heroism.
 15392 | Lair:5   | 15392 ||| Stepping ~*~*~tactically~*~*~ (stealth).
 15406 | Lair:5   | 15406 ||| Stepping ~*~*~tactically~*~*~ (stealth).
 15427 | Lair:5   | 15427 ||| Stepping ~*~*~tactically~*~*~ (stealth).
 15428 | Lair:5   | 15428 ||| Stepping ~*~*~tactically~*~*~ (stealth).
 15449 | Lair:5   | 15449 ||| Stepping ~*~*~tactically~*~*~ (stealth).
 15465 | Lair:5   | 15465 ||| INVOKING Heroism.
 15488 | Lair:5   | 15488 ||| INVOKING Heroism.
 15508 | Lair:5   | 15508 ||| Stepping ~*~*~tactically~*~*~ (stealth).
 15633 | Lair:5   | 15633 ||| Stepping ~*~*~tactically~*~*~ (stealth).
 15668 | Lair:5   | 15668 ||| READING scroll of enchant weapon.
 15668 | Lair:5   | 15668 ||| ENCHANTING +4 war axe.
 15739 | Lair:5   | 15739 ||| Stepping ~*~*~tactically~*~*~ (stealth).
 15740 | Lair:5   | 15740 ||| INVOKING Heroism.
 15742 | Lair:5   | 15742 ||| INVOKING Finesse.
 15895 | Lair:5   | 15895 ||| Stepping ~*~*~tactically~*~*~ (stealth).
 15911 | Lair:5   | 15911 ||| Stepping ~*~*~tactically~*~*~ (stealth).
 15938 | Lair:5   | 15938 ||| Stepping ~*~*~tactically~*~*~ (stealth).
 16030 | Lair:5   | Identified the ring "Pouris" {Fire Int-5 Dex+7}
 16042 | Lair:5   | 16042 ||| Stepping ~*~*~tactically~*~*~ (stealth).
 16073 | Lair:5   | 16073 ||| FLEEEEING.
 16074 | Lair:5   | 16074 ||| FLEEEEING.
 16075 | Lair:5   | 16075 ||| FLEEEEING.
 16078 | Lair:5   | 16078 ||| FLEEEEING.
 16079 | Lair:5   | 16079 ||| FLEEEEING.
 16080 | Lair:5   | 16080 ||| FLEEEEING.
 16081 | Lair:5   | 16081 ||| INVOKING Heroism.
 16082 | Lair:5   | 16082 ||| INVOKING Finesse.
 16084 | Lair:5   | 16084 ||| SWAPPING to +7 eveningstar.
 16092 | Lair:5   | 16092 ||| SWAPPING to +5 war axe.
 16164 | Lair:5   | 16164 ||| FLEEEEING.
 16165 | Lair:5   | 16165 ||| FLEEEEING.
 16166 | Lair:5   | 16166 ||| FLEEEEING.
 16167 | Lair:5   | 16167 ||| FLEEEEING.
 16168 | Lair:5   | 16168 ||| FLEEEEING.
 16169 | Lair:5   | 16169 ||| FLEEEEING.
 16173 | Lair:5   | 16173 ||| FLEEEEING.
 16174 | Lair:5   | 16174 ||| FLEEEEING.
 16175 | Lair:5   | 16175 ||| FLEEEEING.
 16177 | Lair:5   | 16177 ||| INVOKING Heroism.
 16197 | Lair:5   | 16197 ||| Stepping ~*~*~tactically~*~*~ (stealth).
 16344 | Lair:5   | Reached skill level 12 in Shields
 16344 | Lair:5   | 16344 ||| INVOKING Heroism.
 16359 | Lair:5   | 16359 ||| INVOKING Heroism.
 16693 | Lair:5   | Found a runed translucent door.
 16717 | Lair:5   | 16717 ||| FLEEEEING.
 16718 | Lair:5   | 16718 ||| FLEEEEING.
 16719 | Lair:5   | 16719 ||| FLEEEEING.
 16720 | Lair:5   | 16720 ||| FLEEEEING.
 16721 | Lair:5   | 16721 ||| FLEEEEING.
 16722 | Lair:5   | 16722 ||| FLEEEEING.
 16723 | Lair:5   | 16723 ||| FLEEEEING.
 16724 | Lair:5   | 16724 ||| FLEEEEING.
 16725 | Lair:5   | 16725 ||| FLEEEEING.
 16726 | Lair:5   | 16726 ||| FLEEEEING.
 16758 | Lair:5   | 16758 ||| Stepping ~*~*~tactically~*~*~ (stealth).
 16759 | Lair:5   | 16759 ||| Stepping ~*~*~tactically~*~*~ (stealth).
 16760 | Lair:5   | 16760 ||| Stepping ~*~*~tactically~*~*~ (stealth).
 16826 | Lair:5   | 16826 ||| INVOKING Heroism.
 16828 | Lair:5   | 16828 ||| Stepping ~*~*~tactically~*~*~ (stealth).
 16914 | Lair:5   | 16914 ||| FLEEEEING.
 16915 | Lair:5   | 16915 ||| FLEEEEING.
 16916 | Lair:5   | 16916 ||| FLEEEEING.
 16917 | Lair:5   | 16917 ||| FLEEEEING.
 16918 | Lair:5   | 16918 ||| FLEEEEING.
 16919 | Lair:5   | 16919 ||| FLEEEEING.
 16920 | Lair:5   | 16920 ||| FLEEEEING.
 16921 | Lair:5   | 16921 ||| FLEEEEING.
 16922 | Lair:5   | 16922 ||| FLEEEEING.
 16923 | Lair:5   | 16923 ||| FLEEEEING.
 16924 | Lair:5   | 16924 ||| FLEEEEING.
 16925 | Lair:5   | 16925 ||| FLEEEEING.
 16926 | Lair:5   | 16926 ||| FLEEEEING.
 16927 | Lair:5   | 16927 ||| FLEEEEING.
 16928 | Lair:5   | 16928 ||| FLEEEEING.
 16929 | Lair:5   | 16929 ||| FLEEEEING.
 16930 | Lair:5   | 16930 ||| FLEEEEING.
 16931 | Lair:5   | 16931 ||| FLEEEEING.
 16932 | Lair:5   | 16932 ||| FLEEEEING.
 16933 | Lair:5   | 16933 ||| FLEEEEING.
 16934 | Lair:5   | 16934 ||| FLEEEEING.
 16935 | Lair:5   | 16935 ||| FLEEEEING.
 16936 | Lair:5   | 16936 ||| FLEEEEING.
 16937 | Lair:5   | 16937 ||| FLEEEEING.
 16938 | Lair:5   | 16938 ||| FLEEEEING.
 16939 | Lair:5   | 16939 ||| FLEEEEING.
 16940 | Lair:5   | 16940 ||| FLEEEEING.
 16942 | Lair:5   | 16942 ||| INVOKING Heroism.
 17235 | Lair:5   | 17235 ||| PLANNING D:1-11
 17235 | Lair:5   | 17235 ||| UPGRADING to +2 pair of gloves.
 17245 | Lair:5   | 17245 ||| DROPPING +0 pair of gloves.
 17246 | Lair:5   | 17246 ||| DROPPING ring of willpower.
 17247 | Lair:5   | 17247 ||| READING scroll labelled CUPUXT HAANU.
 17339 | D:11     | 17339 ||| Stepping ~*~*~tactically~*~*~ (stealth).
 17595 | D:11     | Found a staircase to the Orcish Mines.
 17634 | D:11     | 17634 ||| INVOKING Heroism.
 17643 | D:11     | Reached skill level 15 in Axes
 17791 | D:11     | Noticed a cyan very ugly thing
 17803 | D:11     | Killed a cyan very ugly thing
 17803 | D:11     | Identified the +1 broad axe of the Walnut {flame, Str+2}
                  | (Okawaru gifted it to you on level 11 of the Dungeon)
 17803 | D:11     | Received a gift from Okawaru
 17806 | D:11     | Reached XP level 15. HP: 94/94 MP: 22/22
 17807 | D:11     | 17807 ||| SWAPPING to +1 broad axe of the Walnut {flame,
                  | Str+2}.
 17808 | D:11     | 17808 ||| DROPPING +7 eveningstar.
 17809 | D:11     | 17809 ||| DROPPING +5 war axe.
 18123 | D:11     | Reached skill level 6 in Throwing
 18204 | D:11     | 18204 ||| PLANNING D
 18204 | D:11     | 18204 ||| UPGRADING to amulet of reflection.
 18214 | D:11     | 18214 ||| DROPPING amulet of the acrobat.
 18215 | D:11     | 18215 ||| DROPPING +6 ring of strength.
 18216 | D:11     | 18216 ||| READING scroll labelled ZELUQU YH HISOCO.
 18217 | D:11     | 18217 ||| READING 7 scrolls of identify.
 18217 | D:11     | 18217 ||| IDENTIFYING viscous red potion
 18218 | D:11     | 18218 ||| DROPPING potion of brilliance.
 18234 | D:12     | 18234 ||| Stepping ~*~*~tactically~*~*~ (stealth).
 18566 | D:12     | 18566 ||| Stepping ~*~*~tactically~*~*~ (hiding).
 18927 | D:13     | 18927 ||| Stepping ~*~*~tactically~*~*~ (stealth).
 18929 | D:13     | 18929 ||| Stepping ~*~*~tactically~*~*~ (hiding).
 18941 | D:13     | Reached skill level 12 in Fighting
 18941 | D:13     | 18941 ||| Stepping ~*~*~tactically~*~*~ (hiding).
 18944 | D:13     | 18944 ||| INVOKING Heroism.
 19078 | D:13     | 19078 ||| INVOKING Heroism.
 19247 | D:13     | 19247 ||| INVOKING Heroism.
 19351 | D:13     | 19351 ||| Stepping ~*~*~tactically~*~*~ (hiding).
 19508 | D:13     | 19508 ||| Stepping ~*~*~tactically~*~*~ (hiding).
 19612 | D:13     | 19612 ||| Stepping ~*~*~tactically~*~*~ (stealth).
 19614 | D:13     | 19614 ||| Stepping ~*~*~tactically~*~*~ (stealth).
 20056 | D:14     | 20056 ||| UPGRADING to +2 kite shield of reflection.
 20058 | D:14     | 20058 ||| Stepping ~*~*~tactically~*~*~ (hiding).
 20073 | D:14     | Reached skill level 16 in Axes
 20086 | D:14     | 20086 ||| UPGRADING to +2 kite shield of reflection.
 20096 | D:14     | 20096 ||| DROPPING +0 kite shield.
 20098 | D:14     | Found a gate to the Vaults.
 20202 | D:14     | 20202 ||| Stepping ~*~*~tactically~*~*~ (hiding).
 20211 | D:14     | Identified the +0 scale mail of Okawaru's Displeasure
                  | {Int-5 Dex+7} (Okawaru gifted it to you on level 14 of the
                  | Dungeon)
 20211 | D:14     | Received a gift from Okawaru
 20219 | D:14     | 20219 ||| INVOKING Heroism.
 20386 | D:14     | 20386 ||| INVOKING Heroism.
 20785 | D:14     | 20785 ||| DROPPING ring of wizardry.
 20820 | D:15     | Entered Level 15 of the Dungeon
 20823 | D:15     | 20823 ||| READING scroll of enchant armour.
 20823 | D:15     | 20823 ||| ENCHANTING +0 helmet.
 20835 | D:15     | Reached skill level 12 in Armour
 21095 | D:15     | 21095 ||| Stepping ~*~*~tactically~*~*~ (hiding).
 21098 | D:15     | 21098 ||| Stepping ~*~*~tactically~*~*~ (hiding).
 21215 | D:15     | 21215 ||| Stepping ~*~*~tactically~*~*~ (hiding).
 21238 | D:15     | 21238 ||| INVOKING Heroism.
 21256 | D:15     | 21256 ||| Stepping ~*~*~tactically~*~*~ (stealth).
 21287 | D:15     | 21287 ||| Stepping ~*~*~tactically~*~*~ (stealth).
 21293 | D:15     | 21293 ||| INVOKING Heroism.
 21397 | D:15     | Found a shimmering altar of Xom.
 21409 | D:15     | Found a portal to a secret trove of treasure.
 21718 | D:15     | Paralysed by a great orb of eyes for 4 turns
 21723 | D:15     | 21723 ||| INVOKING Heroism.
 21735 | D:15     | Paralysed by a great orb of eyes for 4 turns
 21740 | D:15     | 21740 ||| DRINKING 16 potions of curing.
 21740 | D:15     | 21740 ||| (to cure confusion)
 21877 | D:15     | 21877 ||| INVOKING Heroism.
 21898 | D:15     | 21898 ||| Stepping ~*~*~tactically~*~*~ (stealth).
 21928 | D:15     | 21928 ||| INVOKING Heroism.
 21946 | D:15     | Found a staircase to the Depths.
 22059 | D:15     | 22059 ||| PLANNING ORC
 22173 | Orc:1    | Entered Level 1 of the Orcish Mines
 22194 | Orc:1    | 22194 ||| INVOKING Heroism.
 22205 | Orc:1    | Reached XP level 16. HP: 87/100 MP: 21/23
 22251 | Orc:1    | 22251 ||| Stepping ~*~*~tactically~*~*~ (hiding).
 22252 | Orc:1    | 22252 ||| Stepping ~*~*~tactically~*~*~ (hiding).
 22253 | Orc:1    | 22253 ||| Stepping ~*~*~tactically~*~*~ (hiding).
 22431 | Orc:1    | 22431 ||| Stepping ~*~*~tactically~*~*~ (stealth).
 22433 | Orc:1    | 22433 ||| Stepping ~*~*~tactically~*~*~ (hiding).
 22624 | Orc:2    | Entered Level 2 of the Orcish Mines
 22628 | Orc:2    | 22628 ||| STAIRDANCE
 22685 | Orc:2    | 22685 ||| STAIRDANCE
 22757 | Orc:2    | Found a staircase to the Elven Halls.
 22893 | Orc:2    | 22893 ||| INVOKING Heroism.
 22940 | Orc:1    | 22940 ||| INVOKING Heroism.
 22966 | Orc:1    | 22966 ||| Stepping ~*~*~tactically~*~*~ (stealth).
 23103 | Orc:2    | 23103 ||| Stepping ~*~*~tactically~*~*~ (stealth).
 23106 | Orc:2    | 23106 ||| Stepping ~*~*~tactically~*~*~ (hiding).
 23106 | Orc:2    | Found Keip's Antique Armour Emporium.
 23109 | Orc:2    | 23109 ||| Stepping ~*~*~tactically~*~*~ (hiding).
 23127 | Orc:2    | 23127 ||| INVOKING Heroism.
 23149 | Orc:2    | Found Nariculyge's Antique Weapon Boutique.
 23167 | Orc:2    | Reached skill level 17 in Axes
 23360 | Orc:2    | Found Jemycw's Antique Armour Shoppe.
 23364 | Orc:2    | 23364 ||| BUYING glowing chain mail (247 gold).
 23364 | Orc:2    | Bought a glowing chain mail for 247 gold pieces
 23364 | Orc:2    | 23364 ||| BUYING runed plate armour (858 gold).
 23364 | Orc:2    | Bought a runed plate armour for 858 gold pieces
 23472 | Orc:2    | 23472 ||| BUYING pitted hat (261 gold).
 23472 | Orc:2    | Bought a pitted hat for 261 gold pieces
 23472 | Orc:2    | Identified the +0 hat of Watchfulness {Dex+7} (You bought
                  | it in a shop on level 2 of the Orcish Mines)
 23474 | Orc:2    | Found Jana's Distillery.
 23483 | Orc:2    | 23483 ||| BUYING potion of curing (51 gold).
 23483 | Orc:2    | Bought a potion of curing for 51 gold pieces
 23483 | Orc:2    | 23483 ||| SHOPLISTING potion of haste (170 gold, have 127).
 23483 | Orc:2    | 23483 ||| BUYING potion of heal wounds (85 gold).
 23483 | Orc:2    | Bought a potion of heal wounds for 85 gold pieces
 23483 | Orc:2    | 23483 ||| SHOPLISTING potion of lignification (51 gold,
                  | have 42).
 23483 | Orc:2    | 23483 ||| SHOPLISTING potion of mutation (136 gold, have
                  | 42).
 23619 | Orc:2    | 23619 ||| PLANNING SNAKE:1-3
 23619 | Orc:2    | 23619 ||| UPGRADING to +3 chain mail of fire resistance.
 23629 | Orc:2    | 23629 ||| DROPPING +0 plate armour.
 23630 | Orc:2    | 23630 ||| UPGRADING to +1 plate armour of positive energy.
 23640 | Orc:2    | 23640 ||| DROPPING +0 hat of Watchfulness {Dex+7}.
 23820 | Snake:1  | Entered Level 1 of the Snake Pit
 23830 | Snake:1  | 23830 ||| INVOKING Heroism.
 23836 | Snake:1  | HP: 12/103 [naga sharpshooter/bolt (15)]
 23837 | Snake:1  | 23837 ||| READING 7 scrolls of teleportation.
 23838 | Snake:1  | 23838 ||| DRINKING 2 potions of heal wounds.
 23841 | Snake:1  | 23841 ||| DRINKING potion of heal wounds.
 23842 | Snake:1  | Noticed Mlioglotl
 23843 | Snake:1  | 23843 ||| INVOKING Finesse.
 23856 | Snake:1  | HP: 21/103 [ynoxinul/iron shot[Mlioglotl] (17)]
 23857 | Snake:1  | 23857 ||| READING 6 scrolls of teleportation.
 23861 | Snake:1  | HP: 10/103 [smoke demon/divine providence[Mlioglotl] (10)]
 23862 | Snake:1  | Slain by Mlioglotl

Levels and vault maps discovered:
D:1:      mainiacjoe_arrival_reflecting_pool, layout_loops_ring,
          hangedman_decor_push
D:2:      layout_basic, basic_altar, hellmonk_ecumenical_altar_crossroads,
          minmay_tetromino_o2
D:3:      layout_loops_cross, nicolae_overflow_crystal_walls, uniq_robin,
          uniq_natasha
D:4:      layout_basic, nicolae_ru_the_path_less_chosen,
          minmay_temple_entry_enclosed_plants, serial_forest,
          infiniplex_forest_corner_1, infiniplex_forest_lined_4_way,
          infiniplex_forest_zigzag_2, infiniplex_forest_lined_2,
          minmay_shop_enchanted_jewellery
D:5:      layout_basic, elyvilon_altar_4, grunt_dithmenos_shadows,
          lemuel_mausoleum_altar_yredelemnul, serial_shops,
          nicolae_take_the_stairs, hangedman_decor_slide_cut, solitary_fountain,
          minmay_fractal_squares_5, uniq_blork_the_orc
D:6:      layout_loops_corners, nicolae_overflow_hidden_temple,
          dk_noncrumbling_3, kennysheep_windowed_goal
D:7:      layout_loops_cross, chei_slow_surprise
D:8:      layout_loops_ring, nicolae_wu_jian_immortal_techniques,
          grunt_temple_overflow_diamond
D:9:      layout_small_grid, evilmike_butchery
D:10:     layout_basic, dpeg_lair_monsters, serial_shops, shop,
          minmay_beelzebubs_servants
D:11:     cheibrodos_breeding_chamber, layout_long_grid, orc_0_dummy
D:12:     layout_loops_ring, nicolae_shop_i_like_small_books_too
D:13:     layout_roguey, eino_small_chamber_without_monster
D:14:     layout_roguey, skrybe_vaults_entry_preservation, amethyst_killhole
D:15:     gammafunk_enter_depths_forms, layout_irregular_city, enter_trove_1,
          minmay_ruined_shrine
Temple:   nicolae_temple_bog_church
Lair:1:   layout_concentric_octagons, minmay_shattered_shrine
Lair:2:   layout_chaotic_city, lemuel_fruit_fields, grunt_megastairs_4,
          uniq_urug
Lair:3:   layout_gridlike, swamp_mist, nicolae_snake_entry_squirm,
          grunt_megastairs_3
Lair:4:   layout_loops_ring, dpeg_slime_entry_enclosed
Lair:5:   wormcave, layout_regular_city, hangedman_lair_tendril_chambers,
          cheibrodos_lair_lostbears
Snake:1:  layout_rooms, uniq_azrael, uniq_mlioglotl
Orc:1:    layout_caves, basic_altar
Orc:2:    st_orc_open, layout_diamond_mine

Skill      XL: |  1  2  3  4  5  6  7  8  9 10 11 12 13 14 15 16 |
---------------+-------------------------------------------------+-----
Axes           | 2 3 4 5 6 8 9 11 12 13 15 16 17 | 17.0
Fighting       | 4 6 7 8 9 10 11 12 | 12.7
Dodging        | 1 2 3 4 |  4.0
Invocations    | 3 4 6 10 | 10.0
Armour         | 4 6 9 10 11 12 | 12.0
Shields        | 4 8 9 10 11 12 13 | 13.0
Throwing       | 1 4 5 6 7 |  7.0

Action                     |  1- 3 |  4- 6 |  7- 9 | 10-12 | 13-15 | 16-18 || total
---------------------------+-------+-------+-------+-------+-------+-------++-------
  Melee: War axe           |   113 |   141 |   309 |   491 |   660 |       ||  1714
         Morningstar       |       |       |       |     2 |       |       ||     2
         Eveningstar       |       |       |       |       |     7 |       ||     7
         Broad axe         |       |       |       |       |   377 |   193 ||   570
  Throw: Boomerang         |       |       |       |    18 |    39 |     1 ||    58
         Javelin           |       |       |       |       |   100 |    10 ||   110
 Invoke: Heroism           |       |       |     9 |    17 |    39 |     4 ||    69
         Finesse           |       |       |       |     4 |     4 |     1 ||     9
    Use: Scroll            |     3 |     4 |     7 |     6 |     9 |     2 ||    31
         Potion            |     2 |     3 |       |     2 |     2 |     2 ||    11
   Stab: Distracted        |       |       |       |     1 |     1 |       ||     2
 Armour: Scale mail        |    26 |       |       |       |       |       ||    26
         Chain mail        |    13 |    42 |   132 |   114 |       |       ||   301
         Plate armour      |       |       |       |    90 |   401 |    60 ||   551
  Dodge: Dodged            |    57 |    80 |   176 |   243 |   395 |    83 ||  1034
  Block: Buckler           |    16 |    15 |    60 |     9 |       |       ||   100
         Kite shield       |       |       |       |   286 |   641 |   215 ||  1142
         Reflection        |       |       |       |       |    17 |     7 ||    24

Table legend:
 A = Non-vault XP
 B = Vault XP
 C = Vault XP percentage of total XP
 D = Non-vault monster count
 E = Vault monster count
 F = Vault count percentage of total count
                 A         B        C        D         E       F
            +---------+---------+-------+---------+---------+-------
      Total |   88602 |   65956 |  42.7 |     461 |     198 |  30.0
            +---------+---------+-------+---------+---------+-------
        D:1 |      32 |       0 |   0.0 |      19 |       0 |   0.0
        D:2 |      31 |       2 |   6.1 |      16 |       1 |   5.9
        D:3 |      96 |      62 |  39.2 |      23 |       8 |  25.8
        D:4 |     231 |       0 |   0.0 |      16 |       0 |   0.0
        D:5 |     616 |    1020 |  62.3 |      20 |      23 |  53.5
        D:6 |    1350 |     128 |   8.7 |      20 |       1 |   4.8
        D:7 |    1482 |      18 |   1.2 |      33 |       1 |   2.9
        D:8 |     424 |       0 |   0.0 |       9 |       0 |   0.0
        D:9 |    1816 |       0 |   0.0 |      10 |       0 |   0.0
       D:10 |    2528 |    6012 |  70.4 |      13 |      20 |  60.6
       D:11 |    6120 |    5789 |  48.6 |      17 |       9 |  34.6
       D:12 |    3872 |       0 |   0.0 |       8 |       0 |   0.0
       D:13 |   10289 |       0 |   0.0 |      30 |       0 |   0.0
       D:14 |    8181 |    5522 |  40.3 |      14 |       9 |  39.1
       D:15 |    4107 |    8288 |  66.9 |       7 |      14 |  66.7
     Lair:1 |    4497 |    4105 |  47.7 |      21 |      10 |  32.3
     Lair:2 |    5309 |    3287 |  38.2 |      13 |       7 |  35.0
     Lair:3 |    3268 |    1218 |  27.2 |      15 |       6 |  28.6
     Lair:4 |    6526 |       0 |   0.0 |      25 |       0 |   0.0
     Lair:5 |   16292 |   15601 |  48.9 |      44 |      52 |  54.2
    Snake:1 |    5529 |       0 |   0.0 |      12 |       0 |   0.0
      Orc:1 |    3341 |       0 |   0.0 |      39 |       0 |   0.0
      Orc:2 |    2665 |   14904 |  84.8 |      37 |      37 |  50.0
            +---------+---------+-------+---------+---------+-------
